 Dungeon Sprint DCSS version 0.18-a0-1361-g9293dd1 (webtiles) character file.

8388 Kidiri the Unseen (level 11, -10/84 HPs)
             Began as a Spriggan Enchanter on Feb 20, 2016.
             Was an Elder of Dithmenos.
             Mangled by a fire dragon (12 damage)
             ... in the Dungeon (Sprint II: "The Violet Keep of Menkaure").
             The game lasted 00:08:28 (1605 turns).

Kidiri the Unseen (Spriggan Enchanter)              Turns: 1605, Time: 00:08:28

Health: -10/84     AC:  3    Str:  9    XL:     11   Next: 9%
Magic:  16/28      EV: 31    Int: 19    God:    Dithmenos [****..]
Gold:   468        SH:  0    Dex: 18    Spells: 8 memorised, 15 levels left

rFire  . . .     SeeInvis +     a - +1 dagger
rCold  . . .     Gourm    .     b - +1 robe
rNeg   . . .     Faith    .     (shield restricted)
rPois  .         Spirit   .     (helmet restricted)
rElec  .         Dismiss  .     (no cloak)
rCorr  .         Reflect  .     (gloves unavailable)
SustAt .         Harm     .     (boots unavailable)
MR     +....     NoTele   +     (no amulet)
Stlth  ..........               (no ring)
                                (no ring)

@: berserking, wreathed by umbra, very quick, somewhat resistant to hostile
enchantments, extremely unstealthy
A: unfitting armour, see invisible, herbivore 3, speed 3, slow metabolism 2, no
device heal 1
a: Shadow Step, Renounce Religion


You were in the Dungeon.
You worshipped Dithmenos.
Dithmenos was greatly pleased with you.
You were not hungry.

You visited 1 branch You collected 1313 gold pieces.
You spent 845 gold pieces at shops.

Inventory:

Hand Weapons
 a - a +1 dagger (weapon)
Armour
 b - a +1 robe (worn)
Scrolls
 j - a scroll of blinking
 k - a scroll of fog {unknown}
Potions
 g - a potion of haste
Books
 c - a book of Maledictions

   Spells                             Type                      Level
   a - Corona                         Hexes                        1
   b - Ensorcelled Hibernation        Hexes/Ice                    2
   c - Confuse                        Hexes                        3
   d - Tukima's Dance                 Hexes                        3
   e - Dazzling Spray                 Conjuration/Hexes            3
 f - a book of Spatial Translocations

   Spells                             Type                      Level
   a - Apportation                    Translocation                1
   b - Blink                          Translocation                2
   c - Shroud of Golubria             Charms/Translocation         2
   d - Portal Projectile              Translocation                3
   e - Teleport Other                 Translocation                3
   f - Passage of Golubria            Translocation                4
Comestibles
 d - a bread ration


   Skills:
 + Level 6.1 Fighting
 * Level 11.3 Short Blades
 + Level 5.4 Armour
 * Level 14.4 Dodging
 * Level 15.9 Stealth
 * Level 12.3 Spellcasting
 + Level 5.2 Conjurations
 + Level 9.5 Hexes
 + Level 7.4 Charms
 + Level 7.1 Translocations
 + Level 5.8 Ice Magic
 - Level 3.6 Invocations


You had 15 spell levels left.
You knew the following spells:

 Your Spells              Type           Power        Failure   Level  Hunger
a - Corona                Hex            #####..      1%          1    None
b - Ensorcelled Hibernat  Hex/Ice        #####.       1%          2    None
c - Confuse               Hex            #####...     1%          3    None
d - Tukima's Dance        Hex            #####...     1%          3    None
e - Dazzling Spray        Conj/Hex       #####...     1%          3    None
f - Apportation           Tloc           #####.....   1%          1    None
g - Shroud of Golubria    Chrm/Tloc      #####.....   1%          2    None
h - Passage of Golubria   Tloc           N/A          3%          4    #......


Dungeon Overview and Level Annotations

Branches:
Dungeon (1/1)

Altars:
Cheibriados
Dithmenos
Elyvilon
Fedhas
Gozag
Kikubaaqudgha
Makhleb
Nemelex Xobeh
Okawaru
Pakellas
Qazlal
Ru
Sif Muna
Trog
Vehumet
Xom
Yredelemnul
Zin
The Shining One
Beogh
Jiyva
Lugonu

Shops:
D [:?=:!(([%}[![=(

Annotations:
D exclusion: oklob plant


Innate Abilities, Weirdness & Mutations

You are tiny and cannot use many weapons and most armour.
You have supernaturally acute eyesight.
You are an herbivore.
You cover ground extremely quickly.
You need consume almost no food.
Potions and wands are less effective at restoring your health.


Message History

* * * LOW HITPOINT WARNING * * *
The fire dragon barely misses you.
You hit the fire dragon but do no damage.
The fire dragon is lightly wounded.
You puncture the fire dragon!
The fire dragon is moderately wounded.
You hit the fire dragon but do no damage.
The fire dragon is moderately wounded.
You hit the fire dragon.
The fire dragon is moderately wounded.
The fire dragon closely misses you. The fire dragon misses you.
The fire dragon completely misses you.
You hit the fire dragon but do no damage.
The fire dragon is moderately wounded.
You hit the fire dragon.
The fire dragon is moderately wounded.
The fire dragon bites you.
* * * LOW HITPOINT WARNING * * *
The fire dragon claws you!
You die...

+####$...$.$(▓
§.§§..§##⌠$..$#
..§§§§§##§§§.#
§§8§....##§§## #
§§§...##§§§.### #≈## §...
#§§§....#
###≈≈#+++#+++#####§...#
##≈≈≈.........#§§D§.^.#
.#≈≈≈≈.##+##..#§@####.#
.#≈≈≈≈##.#.##.####..+.###
.#≈≈≈≈#..#..# ...#..#...####
.#≈≈#####.#####..#####..##.#
.#≈##.###'###.##..#..+..#.)#


)?%) .#≈#...##.##.#.#..#.[#..#.†# ![%$ .+≈+##.'.<.'##.+..####..##†#▓%)(?
.#≈#.####.###..#....###...##▓▓▓▓▓ ##≈##.###'###.##......≈≈≈(≈≈≈≈≈≈≈ You could
see a fire dragon.

Vanquished Creatures
  A deep elf master archer (D)
  A great orb of eyes (D)
  A death yak (D)
  3 griffons (D)
  3 shining eyes (D)
  A yaktaur (D)
  A blink frog (D)
  3 polar bears (D)
  2 boulder beetles (D)
  2 redbacks (D)
  2 wyverns (D)
  4 neqoxecs (D)
  3 hippogriffs (D)
  Menkaure (D)
  A wasp (D)
  4 worker ants (D)
  3 worms (D)
  A spectral bat (D)
  A spectral jackal (D)
38 creatures vanquished.

Vanquished Creatures (others)
  A crocodile (D)
1 creature vanquished.

Grand Total: 39 creatures vanquished

Notes
Turn   | Place    | Note
--------------------------------------------------------------
     0 | D        | Kidiri the Spriggan Enchanter began the quest for the Orb.
     0 | D        | Reached XP level 1. HP: 9/9 MP: 5/5
     1 | D        | Noticed a worker ant
     1 | D        | Noticed a worker ant
    13 | D        | Noticed a worker ant
    13 | D        | Noticed a worker ant
    14 | D        | Killed a worker ant
    14 | D        | Reached skill level 1 in Fighting
    14 | D        | Reached skill level 5 in Stealth
    14 | D        | Reached XP level 2. HP: 12/14 MP: 5/7
    16 | D        | Reached skill level 1 in Armour
    16 | D        | Reached skill level 5 in Dodging
    16 | D        | Reached skill level 6 in Stealth
    16 | D        | Reached XP level 3. HP: 15/18 MP: 5/9
    20 | D        | Learned a level 2 spell: Ensorcelled Hibernation
    24 | D        | Learned a level 3 spell: Confuse
    28 | D        | Learned a level 3 spell: Dazzling Spray
    42 | D        | Killed a crocodile
    63 | D        | Reached XP level 4. HP: 22/22 MP: 9/11
   232 | D        | Reached skill level 7 in Stealth
   443 | D        | Reached skill level 1 in Ice Magic
   454 | D        | Found Cunit's Antique Weapon Shop.
   454 | D        | Found Xuthrauk's Gadget Shop.
   454 | D        | Found Zawiubis's Food Boutique.
   454 | D        | Found Qocsinoi's Distillery.
   454 | D        | Found Viycait's Jewellery Boutique.
   454 | D        | Found Nohaehe's Antique Armour Shop.
   454 | D        | Found Boloi's Antique Armour Shop.
   454 | D        | Found Filaur's Weapon Boutique.
   472 | D        | Noticed a boulder beetle
   472 | D        | Noticed a boulder beetle
   475 | D        | Noticed a neqoxec
   478 | D        | Killed a neqoxec
   478 | D        | Reached skill level 5 in Short Blades
   478 | D        | Reached skill level 8 in Stealth
   478 | D        | Reached skill level 1 in Conjurations
   478 | D        | Reached skill level 5 in Hexes
   478 | D        | Reached XP level 5. HP: 27/27 MP: 10/14
   483 | D        | Learned a level 3 spell: Tukima's Dance
   483 | D        | Noticed a neqoxec
   484 | D        | Killed a neqoxec
   484 | D        | Reached skill level 9 in Stealth
   484 | D        | Reached XP level 6. HP: 30/32 MP: 11/17
   485 | D        | Noticed a neqoxec
   485 | D        | Noticed a neqoxec
   491 | D        | Killed a neqoxec
   491 | D        | Reached skill level 10 in Stealth
   493 | D        | Killed a neqoxec
   493 | D        | Reached XP level 7. HP: 31/36 MP: 6/19
   582 | D        | Killed a boulder beetle
   582 | D        | Reached skill level 10 in Dodging
   582 | D        | Reached skill level 11 in Stealth
   590 | D        | Killed a boulder beetle
   611 | D        | Noticed an obsidian statue
   613 | D        | Noticed Menkaure
   615 | D        | Killed Menkaure
   615 | D        | Reached XP level 8. HP: 36/42 MP: 12/21
   638 | D        | Found Iggosya's Antique Armour Shop.
   639 | D        | Noticed a blink frog
   658 | D        | Killed a blink frog
   658 | D        | Reached skill level 12 in Stealth
   666 | D        | Found Refum's Antique Weapon Boutique.
   666 | D        | Found Toporof's Distillery.
   668 | D        | Found Yrijig's Book Shop.
   669 | D        | Found Vukhliogi's Jewellery Boutique.
   669 | D        | Found Nuomep's Magic Scroll Shop.
   669 | D        | Noticed an oklob plant
   670 | D        | Found Tiubof's Book Shoppe.
   670 | D        | Found Horchaan's Antique Armour Boutique.
   671 | D        | Noticed a spiny frog
   672 | D        | Noticed a spiny frog
   688 | D        | Bought a book of Spatial Translocations for 845 gold pieces
   690 | D        | Learned a level 1 spell: Apportation
   693 | D        | Learned a level 2 spell: Shroud of Golubria
   698 | D        | Learned a level 4 spell: Passage of Golubria
   756 | D        | Found a shadowy altar of Dithmenos.
   756 | D        | Found an opulent altar of Gozag.
   757 | D        | Found an oddly glowing altar of Pakellas.
   757 | D        | Found a roughly hewn altar of Beogh.
   757 | D        | Found a blossoming altar of Fedhas.
   758 | D        | Found a white marble altar of Elyvilon.
   758 | D        | Found an ancient bone altar of Kikubaaqudgha.
   758 | D        | Found a snail-covered altar of Cheibriados.
   759 | D        | Found a corrupted altar of Lugonu.
   759 | D        | Found an iron altar of Okawaru.
   759 | D        | Found a viscous altar of Jiyva.
   760 | D        | Found a bloodstained altar of Trog.
   760 | D        | Found a glowing golden altar of the Shining One.
   760 | D        | Found a burning altar of Makhleb.
   761 | D        | Found a sacrificial altar of Ru.
   761 | D        | Found a deep blue altar of Sif Muna.
   762 | D        | Found a radiant altar of Vehumet.
   762 | D        | Found a glowing silver altar of Zin.
   762 | D        | Noticed a polar bear
   763 | D        | Noticed a yaktaur
   764 | D        | Noticed a polar bear
   764 | D        | Noticed a polar bear
   765 | D        | Killed a polar bear
   765 | D        | Reached skill level 1 in Charms
   765 | D        | Reached skill level 1 in Translocations
   774 | D        | Killed a polar bear
   793 | D        | Killed a polar bear
   793 | D        | Reached skill level 13 in Stealth
   793 | D        | Reached XP level 9. HP: 46/46 MP: 10/23
   794 | D        | Killed a yaktaur
   794 | D        | Reached skill level 10 in Spellcasting
   805 | D        | Found a shimmering altar of Xom.
   805 | D        | Found a sparkling altar of Nemelex Xobeh.
   806 | D        | Found a stormy altar of Qazlal.
   806 | D        | Found a basalt altar of Yredelemnul.
   808 | D        | Became a worshipper of Dithmenos the Shadowed
   818 | D        | Noticed a death yak
   820 | D        | Killed a death yak
   820 | D        | Reached skill level 1 in Invocations
   831 | D        | Noticed a shining eye
   831 | D        | Noticed a shining eye
   832 | D        | Noticed a shining eye
   833 | D        | Killed a shining eye
   833 | D        | Reached skill level 5 in Fighting
   835 | D        | Killed a shining eye
   835 | D        | Reached * piety under Dithmenos
   835 | D        | Reached skill level 14 in Stealth
   837 | D        | Gained mutation: Potions and wands are less effective at restoring your health. [a shining eye]
   840 | D        | Killed a shining eye
   840 | D        | Reached skill level 10 in Short Blades
   840 | D        | Reached skill level 5 in Charms
   840 | D        | Reached skill level 5 in Translocations
   840 | D        | Reached XP level 10. HP: 51/51 MP: 4/26
   848 | D        | Noticed a deep elf master archer
   855 | D        | Reached ** piety under Dithmenos
   855 | D        | Reached skill level 5 in Ice Magic
   961 | D        | Killed a deep elf master archer
   961 | D        | Reached skill level 5 in Armour
   961 | D        | Reached skill level 15 in Stealth
   969 | D        | Noticed a griffon
   969 | D        | Noticed a griffon
   970 | D        | Noticed a great orb of eyes
   970 | D        | Noticed a fire dragon
   970 | D        | Noticed a griffon
   971 | D        | Killed a griffon
   972 | D        | Killed a griffon
   972 | D        | Reached *** piety under Dithmenos
   980 | D        | Reached skill level 5 in Conjurations
   988 | D        | Reached **** piety under Dithmenos
   997 | D        | Killed a griffon
  1101 | D        | Killed a great orb of eyes
  1101 | D        | Reached ***** piety under Dithmenos
  1101 | D        | Reached XP level 11. HP: 52/56 MP: 20/28
  1605 | D        | HP: 2/84 [fire dragon (3)]
  1605 | D        | Mangled by a fire dragon

Vault maps used:
D:        the_violet_keep_of_menkaure

Action                   |  1- 3 |  4- 6 |  7- 9 | 10-12 || total
-------------------------+-------+-------+-------+-------++-------
Melee: Dagger            |     3 |    16 |    36 |    41 ||    96
 Cast: Ensorcelled Hiber |       |     6 |     7 |     8 ||    21
       Confuse           |       |     1 |     7 |    11 ||    19
       Dazzling Spray    |       |       |     6 |     6 ||    12
       Shroud of Golubri |       |       |     1 |     4 ||     5
  Use: Potion            |       |       |     2 |     3 ||     5
 Stab: Sleeping          |     3 |     7 |     9 |     6 ||    25
       Confused          |       |     1 |     5 |     2 ||     8
       Invisible         |       |       |     2 |     2 ||     4
